 Dungeon Crawl Stone Soup version 0.20.0-10-g0535bb4 (webtiles) character file.

4671 grindst0ne the Covert (level 10, -7/54 HPs)
             Began as an Octopode Assassin on June 3, 2017.
             Was a Believer of Cheibriados.
             Mangled by an ogre
             ... wielding a +0 giant club
              (31 damage)
             ... on level 9 of the Dungeon.
             The game lasted 00:32:34 (12285 turns).

grindst0ne the Covert (Octopode Assassin)          Turns: 12285, Time: 00:32:35

Health: -7/54      AC:  1    Str: 15    XL:     10   Next: 44%
Magic:  13/13      EV: 22    Int: 17    God:    Cheibriados [**....]
Gold:   510        SH:  0    Dex: 21    Spells: 9/9 levels left

rFire    . . .     SeeInvis .   e - +2 dagger (venom)
rCold    + . .     Gourm    .   (no shield)
rNeg     . . .     Faith    .   (helmet restricted)
rPois    .         Spirit   .   (no amulet)
rElec    .         Reflect  .   n - ring of stealth
rCorr    .         Harm     .   A - +3 ring of slaying
MR       +....                  F - ring of protection from magic
Stlth    ++++++++..             K - ring of protection from cold
Regen    0.2/turn               (no ring)
MPRegen  0.2/turn               (no ring)
                                (no ring)
                                (no ring)

@: very slow
A: almost no armour, stealthy swim, amphibious, 8 rings, constrict 8, camouflage
1, frail 1, gelatinous body 1
a: Bend Time, Renounce Religion


You were on level 9 of the Dungeon.
You worshipped Cheibriados.
Cheibriados was pleased with you.
You were not hungry.

You visited 2 branches of the dungeon, and saw 10 of its levels.
You also visited: Sewer.

You collected 510 gold pieces.

Inventory:

Hand Weapons
 a - a +2 dagger
 b - a +0 blowgun
 e - a +2 dagger of venom (weapon)
Missiles
 c - 42 poisoned needles
 d - 2 curare-tipped needles
 m - 2 javelins (quivered)
Jewellery
 n - a ring of stealth (left tentacle)
 A - a +3 ring of slaying (right tentacle)
 F - a ring of protection from magic (on tentacle)
 K - a ring of protection from cold (on tentacle)
Wands
 g - a wand of polymorph (2/24)
 w - a wand of flame (21/48)
 y - a wand of digging (8/24)
 J - a wand of iceblast (5/15)
 L - a wand of paralysis (4/24)
Scrolls
 h - 2 scrolls of fog
 i - 2 scrolls of immolation
 s - 5 scrolls of enchant armour
 u - 3 scrolls of recharging
 v - 3 scrolls of remove curse
 z - a scroll of amnesia
 I - a scroll of vulnerability
 M - 3 scrolls of teleportation
 N - a scroll of fear
Potions
 j - a potion of magic
 k - 2 potions of cancellation
 l - 2 potions of resistance
 o - 7 potions of curing
 t - a potion of berserk rage
 x - 2 potions of heal wounds
 B - a potion of flight
 C - a potion of might
 E - 4 potions of lignification
 H - a potion of brilliance
Comestibles
 f - 7 bread rations
 p - 4 meat rations
 r - 2 royal jellies
 G - 2 fruits


   Skills:
 - Level 2.0 Fighting
 - Level 2.0 Short Blades
 - Level 2.0 Throwing
 - Level 10.0 Dodging
 - Level 14.1 Stealth
 * Level 4.7 Invocations
 + Level 3.2 Evocations


You had 9 spell levels left.
You didn't know any spells.

Dungeon Overview and Level Annotations

Branches:
Dungeon (9/15)             Temple (1/1) D:7
   Lair: D:8-11         Orc: D:9-12

Altars:
Ashenzari
Cheibriados
Dithmenos
Elyvilon
Fedhas
Gozag
Kikubaaqudgha
Makhleb
Okawaru
Qazlal
Ru
Sif Muna
Trog
Uskayaw
Vehumet
Xom
Yredelemnul
Zin
The Shining One

Shops:
D:9 [

Annotations:
D:2 exclusion: downstairs
D:6 exclusion: downstairs
D:7 Yhamm's ghost, novice GrBe
D:9 Monsterracer's ghost, novice NaTm


Innate Abilities, Weirdness & Mutations

You cannot wear most types of armour.
You are very stealthy in the water. (Stealth+)
You are amphibious.
You can wear up to eight rings at the same time.
You can use your tentacles to constrict eight enemies at once.
Your skin changes colour to match your surroundings (Stealth+).
Your rubbery body absorbs attacks. (AC +1, EV +1)
You are frail. (-10% HP)


Message History

Cheibriados thoroughly appreciates the change of pace.
You see here a giant club.
An ogre comes into view. It is wielding a giant club.
The ogre shouts!
You barely miss the ogre. The ogre completely misses you.
You hit the ogre but do no damage.
The ogre is poisoned.
The ogre completely misses you.
You hit the ogre.
The ogre looks as sick as possible!
The ogre is lightly wounded.
You hit the ogre.
The ogre is moderately wounded.
The ogre hits you with a giant club!!
You hit the ogre.
The ogre looks as sick as possible!
You squeeze the ogre.
The ogre is heavily wounded.
The ogre hits you with a giant club!
You hit the ogre.
The ogre is almost dead.
The ogre hits you with a giant club!!
Ouch! That really hurt!
You die...

#)# #...# #.# ######'####
#.# #.........# #####.###
#.........# # #..>....#
#.<.......+ # #.......#
#.........# '. ..........###
#.........# ###
###......>O.######.........#
# #.......#@....##.........#
# ####.########..+.........#
#. ####.........# #.
#######+## ##


You could see an ogre.

Vanquished Creatures
  A hippogriff (D:3)
  Sigmund (D:2)
  3 yaks (D:6)
  A hungry ghost (D:8)
  A steam dragon (D:8)
  The ghost of grindst0ne the Sneak, an amateur OpAs (D:3)
  Edmund (D:5)
  2 water moccasins
  An orc warrior (D:6)
  4 black bears
  2 sky beasts (D:7)
  A phantom (D:6)
  2 centaurs
  3 ogres
  A crocodile (D:7)
  5 bullfrogs
  A water moccasin zombie (D:5)
  5 scorpions
  2 howler monkeys
  4 crimson imps
  A bullfrog zombie (D:5)
  A centaur zombie (D:8)
  3 jellies
  A centaur skeleton (D:6)
  7 orc priests
  A bullfrog skeleton (D:6)
  8 orc wizards
  2 worker ants
  3 iguanas
  Ijyb (D:3)
  A worker ant zombie (D:8)
  4 gnolls (D:6)
  12 adders
  8 oozes
  4 adder skeletons
  An adder zombie (D:5)
  6 worms
  3 dart slugs
  21 leopard geckos
  24 orcs
  16 giant cockroaches
  4 hobgoblins
  4 jackals (D:2)
  2 kobolds
  5 quokkas
  13 ball pythons
  8 bats
  14 frilled lizards
  2 goblins
  A jackal skeleton (D:8)
  3 rats
226 creatures vanquished.

Notes
Turn   | Place    | Note
-------+----------+-------------------------------------------
     0 | D:1      | grindst0ne the Octopode Assassin began the quest for the Orb.
     0 | D:1      | Reached XP level 1. HP: 14/14 MP: 1/1
   327 | D:1      | Reached XP level 2. HP: 19/19 MP: 2/2
   746 | D:2      | Reached XP level 3. HP: 16/24 MP: 3/3
   901 | D:2      | Reached skill level 6 in Stealth
   994 | D:2      | Noticed Sigmund
  1329 | D:2      | Reached XP level 4. HP: 17/29 MP: 4/4
  1790 | D:3      | Noticed Ijyb
  1832 | D:3      | Killed Ijyb
  1961 | D:3      | Noticed a hippogriff
  1967 | D:3      | Killed a hippogriff
  1967 | D:3      | Reached skill level 8 in Stealth
  1967 | D:3      | Reached XP level 5. HP: 7/34 MP: 5/5
  1967 | D:3      | Reached XP level 6. HP: 8/39 MP: 6/6
  2042 | D:3      | Noticed grindst0ne's ghost (amateur OpAs)
  4037 | D:3      | Killed grindst0ne's ghost
  4037 | D:3      | Reached skill level 5 in Dodging
  4037 | D:3      | Reached XP level 7. HP: 21/45 MP: 7/7
  4604 | D:4      | Reached skill level 9 in Stealth
  5341 | D:2      | Killed Sigmund
  5433 | D:5      | Entered Level 5 of the Dungeon
  5452 | D:5      | Found an opulent altar of Gozag.
  5481 | D:5      | Reached skill level 10 in Stealth
  5481 | D:5      | Reached XP level 8. HP: 50/50 MP: 8/8
  5531 | D:5      | Found a glowing drain.
  5558 | Sewer    | Entered a sewer
  6159 | Sewer    | Reached skill level 11 in Stealth
  6808 | D:5      | Noticed Edmund
  6810 | D:5      | Killed Edmund
  6810 | D:5      | Reached XP level 9. HP: 54/54 MP: 9/9
  6915 | D:5      | Reached skill level 12 in Stealth
  8062 | D:6      | Reached skill level 13 in Stealth
  8714 | D:7      | Found a staircase to the Ecumenical Temple.
  8727 | Temple   | Entered the Ecumenical Temple
  8824 | Temple   | Became a worshipper of Cheibriados the Contemplative
  9036 | D:7      | You fall through a shaft!
  9303 | D:7      | Found a glowing silver altar of Zin.
  9304 | D:7      | Found an ancient bone altar of Kikubaaqudgha.
  9310 | D:7      | Found a deep blue altar of Sif Muna.
  9310 | D:7      | Found a shadowy altar of Dithmenos.
  9312 | D:7      | Found a shattered altar of Ashenzari.
  9312 | D:7      | Found a hide-covered altar of Uskayaw.
  9312 | D:7      | Found a shimmering altar of Xom.
  9313 | D:7      | Found a sacrificial altar of Ru.
  9696 | D:7      | Noticed Yhamm's ghost (novice GrBe)
 10499 | D:7      | Reached XP level 10. HP: 40/60 MP: 10/10
 10503 | D:7      | Gained mutation: You are frail. (-10% HP) [mutagenic meat]
 10544 | D:7      | Reached skill level 14 in Stealth
 10640 | D:8      | Reached skill level 10 in Dodging
 10704 | D:8      | Reached * piety under Cheibriados
 10862 | D:8      | Reached skill level 1 in Invocations
 10876 | D:7      | Reached skill level 1 in Evocations
 12069 | D:9      | Found Hawuf's Antique Armour Shoppe.
 12119 | D:9      | Found a hide-covered altar of Uskayaw.
 12135 | D:9      | Reached ** piety under Cheibriados
 12152 | D:9      | Noticed Monsterracer's ghost (novice NaTm)
 12285 | D:9      | Mangled by an ogre

Skill      XL: |  1  2  3  4  5  6  7  8  9 10 |
---------------+-------------------------------+-----
Dodging        | 2 4 5 6 8 9 10 | 10.0
Stealth        | 6 8 10 11 13 14 | 14.1
Invocations    | 4 |  4.7
Evocations     | 3 |  3.2
Fighting       | |  2.0
Short Blades   | |  2.0
Throwing       | |  2.0

Action                   |  1- 3 |  4- 6 |  7- 9 | 10-12 || total
-------------------------+-------+-------+-------+-------++-------
Melee: Dagger            |    66 |   114 |   263 |    91 ||   534
       Constrict         |    16 |    17 |    49 |    18 ||   100
       Tentacles         |    12 |    21 |    39 |    18 ||    90
Throw: Javelin           |       |     2 |       |       ||     2
Invok: Bend Time         |       |       |       |     1 ||     1
  Use: Scroll            |     6 |       |     7 |    13 ||    26
       Potion            |       |       |     2 |       ||     2
 Stab: Sleeping          |     9 |     4 |    47 |    10 ||    70
       Distracted        |     1 |       |     2 |     1 ||     4
  Eat: Chunk             |     1 |     4 |    18 |     3 ||    26
       Bread ration      |       |     1 |     1 |       ||     2
Armor: Skin              |     6 |     8 |     9 |       ||    23
Dodge: Dodged            |    35 |    77 |   187 |    61 ||   360
